[Event "January 2 Early 2024"]
[Site "https://www.chess.com"]
[Date "2024.01.02"]
[Round "1"]
[White "Pranav Anand"]
[Black "Gutierrez Olivares, Daniel"]
[Result "1-0"]
[Board "69"]
[TimeControl "180+1"]
[WhiteFideId "46626786"]
[BlackFideId "2264005"]
[WhiteElo "2908"]
[BlackElo "2475"]
[WhiteTeam "IND"]
[BlackTeam "ESP"]
[WhiteClock "0:00:53"]
[BlackClock "0:00:19"]

1. d4 Nf6 2. Nf3 e6 3. Bf4 b6 4. e3 Bb7 5. Nbd2 c5 6. Bd3 d6 7. h3 Be7 8. O-O cxd4 9. exd4 O-O 10. c3 a6 11. a4 Nbd7 12. Qe2 Nd5 13. Bh2 N7f6 14. Rfe1 Re8 15. Nf1 Bf8 16. Bg3 Nh5 17. Bh4 Qc7 18. Ng5 Ndf4 19. Bxh7+ Kh8 20. Qg4 Bxg2 21. Ne3 f6 22. Nxg2 fxg5 23. Bxg5 Kxh7 24. Bxf4 Qf7 25. Bg3 Nf6 26. Qf3 Kg8 27. Re2 Nd5 28. Qg4 b5 29. axb5 axb5 30. Rxa8 Rxa8 31. Rxe6 Ra1+ 32. Kh2 Nf6 33. Qf5 Qc7 34. Qg6 Nh7 35. Nf4 Qc6 36. d5 Qc4 37. Re2 Qb3 38. Qe6+ 1-0

[Event "January 2 Early 2024"]
[Site "https://www.chess.com"]
[Date "2024.01.02"]
[Round "1"]
[White "Toktomushev, Teimur"]
[Black "Popov, Konstantin"]
[Result "0-1"]
[Board "70"]
[TimeControl "180+1"]
[WhiteFideId "14176726"]
[BlackFideId "34137910"]
[WhiteElo "2472"]
[BlackElo "2906"]
[WhiteTeam "UKR"]
[BlackTeam "FID"]
[WhiteClock "0:00:00"]
[BlackClock "0:01:18"]

1. d4 d5 2. c4 e6 3. Nc3 Nf6 4. cxd5 Nxd5 5. e4 Nxc3 6. bxc3 c5 7. Nf3 cxd4 8. cxd4 Bb4+ 9. Bd2 Bxd2+ 10. Qxd2 O-O 11. Bc4 Nd7 12. O-O b6 13. Rfe1 Bb7 14. Rad1 Rc8 15. Bd3 Qc7 16. Rc1 Qb8 17. h3 h6 18. Qe3 Qd6 19. d5 Nc5 20. Bb1 e5 21. Nh4 g6 22. Qxh6 Qf6 23. Nf5 Nd7 24. d6 gxf5 25. Qh5 Qg6 26. Qe2 Bxe4 27. Bxe4 fxe4 28. Rcd1 Rc6 29. Qb5 Rfc8 30. Qd5 Kf8 31. Qxe4 Qxe4 32. Rxe4 Rc1 33. Rxc1 Rxc1+ 34. Kh2 Rd1 35. Ra4 a5 0-1

[Event "January 2 Early 2024"]
[Site "https://www.chess.com"]
[Date "2024.01.02"]
[Round "1"]
[White "Zhigalko, Sergei"]
[Black "Spitzl, Vinzent"]
[Result "1-0"]
[Board "71"]
[TimeControl "180+1"]
[WhiteFideId "13502956"]
[BlackFideId "12901253"]
[WhiteElo "2902"]
[BlackElo "2471"]
[WhiteTeam "BLR"]
[BlackTeam "GER"]
[WhiteClock "0:00:06"]
[BlackClock "0:00:00"]

1. e4 c5 2. c3 d5 3. exd5 Qxd5 4. d4 Nf6 5. Nf3 Bg4 6. dxc5 Qxd1+ 7. Kxd1 e5 8. b4 e4 9. h3 Bh5 10. g4 Nxg4 11. hxg4 Bxg4 12. Nd2 exf3 13. Bb5+ Nc6 14. Re1+ Be6 15. Nxf3 O-O-O+ 16. Kc2 h5 17. Bg5 Rd5 18. Rad1 Rxd1 19. Rxd1 Bg4 20. Be2 Be7 21. Bf4 g5 22. Bh2 Re8 23. Rd2 Bf6 24. Ng1 Bxe2 25. Nxe2 h4 26. Ng1 Ne5 27. Re2 Kd7 28. f4 Ng4 29. Rd2+ Kc8 30. Nf3 Ne3+ 31. Kb3 g4 32. Nd4 Bxd4 33. cxd4 g3 34. Bg1 h3 35. Re2 h2 36. Bxh2 gxh2 37. Rxh2 Nd5 38. f5 Re4 39. Kc4 Nf6 40. Kd3 Rf4 41. Rh8+ Kd7 42. b5 Rxf5 43. Rf8 Nd5 44. Ke4 Ne7 45. Rb8 Kc7 46. Ra8 Rf4+ 47. Kxf4 Nd5+ 48. Ke5 Ne7 49. Rxa7 Kb8 50. Ra3 Ng6+ 51. Ke4 Ne7 52. Rf3 f5+ 53. Rxf5 1-0

[Event "January 2 Early 2024"]
[Site "https://www.chess.com"]
[Date "2024.01.02"]
[Round "1"]
[White "Brankovic, Dejan"]
[Black "Cordova, Emilio"]
[Result "0-1"]
[Board "72"]
[TimeControl "180+1"]
[WhiteFideId "921602"]
[BlackFideId "3801497"]
[WhiteElo "2470"]
[BlackElo "2897"]
[WhiteTeam "SRB"]
[BlackTeam "PER"]
[WhiteClock "0:01:13"]
[BlackClock "0:01:46"]

1. e4 c5 2. Nf3 d6 3. d4 cxd4 4. Nxd4 Nf6 5. Nc3 Nc6 6. Bg5 Bd7 7. Qd2 Rc8 8. f4 a6 9. O-O-O Nxd4 10. Qxd4 h6 11. Bxf6 gxf6 12. Kb1 e6 13. Be2 Rg8 14. g3 Be7 15. Bh5 Qa5 16. f5 Kf8 17. Rhf1 Rg5 18. g4 Rxc3 19. Qxc3 Qxc3 20. bxc3 Bc6 21. h4 Rg8 22. Rd4 e5 23. Rb4 Kg7 24. Re1 b5 25. c4 d5 26. cxd5 Bxb4 27. c3 Bxd5 28. cxb4 Bc4 29. Rd1 Ra8 30. Rd7 a5 31. a3 axb4 32. axb4 Ra4 33. Rd6 Rxb4+ 34. Kc2 Rb3 35. g5 hxg5 36. hxg5 fxg5 37. f6+ Kh6 38. Bg4 Rg3 39. Bf5 g4 40. Rd8 Kg5 41. Rg8+ Kxf6 42. Rxg4 Rxg4 43. Bxg4 b4 44. Bd7 Kg5 45. Bf5 Kf4 46. Bh7 Ke3 47. Kb2 f6 48. Bg6 Bd3 49. Kb3 Bxe4 50. Bf7 Kd4 51. Kxb4 Bd5 52. Bh5 e4 53. Ka3 Kc3 0-1

[Event "January 2 Early 2024"]
[Site "https://www.chess.com"]
[Date "2024.01.02"]
[Round "1"]
[White "Klymchuk, Andriy"]
[Black "Namitbir Singh Walia"]
[Result "1-0"]
[Board "73"]
[TimeControl "180+1"]
[WhiteFideId "14140063"]
[BlackFideId "35071068"]
[WhiteElo "2892"]
[BlackElo "2468"]
[WhiteTeam "UKR"]
[BlackTeam "IND"]
[WhiteClock "0:00:33"]
[BlackClock "0:00:00"]

1. e4 c5 2. Nf3 Nc6 3. Nc3 g6 4. d4 cxd4 5. Nxd4 Bg7 6. Be3 Nf6 7. Bc4 Qa5 8. O-O O-O 9. Bb3 d6 10. h3 Bd7 11. Nf3 b5 12. a3 Rac8 13. Re1 a6 14. Qd2 Qd8 15. Bh6 Na5 16. Rad1 Nxb3 17. cxb3 Be6 18. Nd5 Nxd5 19. exd5 Bf5 20. Bxg7 Kxg7 21. Nd4 Qd7 22. Re3 e5 23. dxe6 Bxe6 24. Nxe6+ fxe6 25. Qd4+ Rf6 26. g4 h6 27. Qxd6 Qxd6 28. Rxd6 Rc2 29. Rc3 Rxb2 30. Rc7+ Kg8 31. Rd8+ Rf8 32. Rxf8+ Kxf8 33. Rc6 Rxb3 34. Rxa6 Rxh3 35. Rxe6 Kf7 36. Ra6 Rb3 37. Kg2 b4 38. a4 Ra3 39. f3 h5 40. Kg3 h4+ 41. Kxh4 Rxf3 42. Kg5 Rg3 43. Rf6+ Ke7 44. Rb6 b3 45. a5 Kf7 46. a6 b2 47. Rb7+ Ke6 48. Rxb2 Ra3 49. Rb6+ Kf7 50. Rb7+ Ke6 51. a7 Ra4 52. Kh6 Kf6 53. g5+ Kf5 54. Rf7+ Kg4 55. Kxg6 Ra6+ 56. Rf6 Rxa7 57. Kh6 Kh4 58. Rf4+ Kg3 59. Rc4 Ra1 60. g6 Kf3 61. g7 Rg1 62. Kh7 Rh1+ 63. Kg6 Rg1+ 64. Kf7 Ke3 65. g8=Q 1-0

[Event "January 2 Early 2024"]
[Site "https://www.chess.com"]
[Date "2024.01.02"]
[Round "1"]
[White "Nadeev, Sergey"]
[Black "Bjerre, Jonas Buhl"]
[Result "0-1"]
[Board "74"]
[TimeControl "180+1"]
[WhiteFideId "4180038"]
[BlackFideId "1444948"]
[WhiteElo "2468"]
[BlackElo "2892"]
[WhiteTeam "RUS"]
[BlackTeam "DEN"]
[WhiteClock "0:00:52"]
[BlackClock "0:00:51"]

1. e4 c5 2. Nf3 d6 3. d4 cxd4 4. Nxd4 Nf6 5. Nc3 a6 6. Bg5 Nbd7 7. f4 b5 8. a3 Bb7 9. Qf3 Rc8 10. O-O-O h6 11. Bxf6 Nxf6 12. f5 Qb6 13. Be2 b4 14. axb4 Qxb4 15. Nd5 Nxd5 16. exd5 Qc5 17. c4 Bxd5 18. Qe3 Bb7 19. Kb1 g5 20. fxg6 fxg6 21. Qe6 Qe5 22. Qxg6+ Kd8 23. Ka1 Be4 24. Qf7 Qa5# 0-1

[Event "January 2 Early 2024"]
[Site "https://www.chess.com"]
[Date "2024.01.02"]
[Round "1"]
[White "Mitrabha, Guha"]
[Black "Urbina Perez, Juan Antonio"]
[Result "1-0"]
[Board "75"]
[TimeControl "180+1"]
[WhiteFideId "5057000"]
[BlackFideId "2217368"]
[WhiteElo "2892"]
[BlackElo "2467"]
[WhiteTeam "IND"]
[BlackTeam "ESP"]
[WhiteClock "0:02:44"]
[BlackClock "0:02:18"]

1. Nf3 d5 2. c4 e6 3. e3 Nf6 4. Nc3 Nbd7 5. b3 Bd6 6. Bb2 a6 7. d4 Qe7 8. c5 Bxc5 9. dxc5 Nxc5 10. Be2 Nce4 11. O-O O-O 12. Rc1 c5 13. Nxe4 Nxe4 14. Nd2 Nf6 15. Bxf6 gxf6 16. e4 Rd8 17. exd5 Rxd5 18. Qc2 Kh8 19. Nc4 Rg5 20. f4 Rg7 21. Nb6 Rb8 22. Qxc5 1-0

[Event "January 2 Early 2024"]
[Site "https://www.chess.com"]
[Date "2024.01.02"]
[Round "1"]
[White "Nikologorsky, Matfei"]
[Black "Kukhmazov, Arsen"]
[Result "0-1"]
[Board "76"]
[TimeControl "180+1"]
[WhiteFideId "24102474"]
[BlackFideId "24108260"]
[WhiteElo "2467"]
[BlackElo "2885"]
[WhiteTeam "FID"]
[BlackTeam "FID"]
[WhiteClock "0:00:00"]
[BlackClock "0:00:10"]

1. e4 c6 2. d4 d5 3. Nd2 dxe4 4. Nxe4 Bf5 5. Ng3 Bg6 6. Bc4 e6 7. N1e2 Bd6 8. h4 h6 9. Nf4 Bh7 10. Ngh5 g6 11. Ng3 Qc7 12. Qf3 Nd7 13. a4 O-O-O 14. a5 a6 15. O-O Re8 16. Ne4 Ne7 17. Nxd6+ Qxd6 18. c3 Nf5 19. Nd3 Nxh4 20. Qe2 g5 21. Ne5 Nxe5 22. dxe5 Qc7 23. b4 Ng6 24. Re1 Rd8 25. Be3 Nf4 26. Qf3 Nd5 27. Bd4 g4 28. Qxg4 Rhg8 29. Qf3 Bf5 30. Bf1 Rg4 31. Red1 Rdg8 32. c4 Be4 33. Qh3 Nf4 34. Qxh6 Bxg2 35. Bxg2 Rxg2+ 36. Kh1 R2g5 37. Bb6 Qe7 38. Qh2 Rh5 0-1

[Event "January 2 Early 2024"]
[Site "https://www.chess.com"]
[Date "2024.01.02"]
[Round "1"]
[White "Dehtiarov, Roman"]
[Black "Kubicka, Anna"]
[Result "1-0"]
[Board "77"]
[TimeControl "180+1"]
[WhiteFideId "14186640"]
[BlackFideId "1152254"]
[WhiteElo "2881"]
[BlackElo "2465"]
[WhiteTeam "UKR"]
[BlackTeam "POL"]
[WhiteClock "0:00:14"]
[BlackClock "0:00:00"]

1. d4 Nf6 2. c4 c5 3. dxc5 e6 4. Nc3 Na6 5. g3 Nxc5 6. Bg2 Be7 7. Nf3 O-O 8. O-O d5 9. cxd5 Nxd5 10. Nxd5 exd5 11. Be3 Ne4 12. Nd2 Nxd2 13. Qxd2 Be6 14. Rac1 Rc8 15. Rxc8 Qxc8 16. Rc1 Qd7 17. Bc5 b6 18. Bxe7 Qxe7 19. e3 Rd8 20. Qd4 h6 21. h3 Qd7 22. Kh2 Qb5 23. Rc2 Qa6 24. a3 Qb5 25. Rd2 Rc8 26. f4 Rc1 27. g4 h5 28. f5 Bc8 29. Qxd5 Qa4 30. g5 Rc5 31. Qd8+ Kh7 32. b4 Rxf5 33. Qxc8 Rxg5 34. Be4+ g6 35. Qc4 Qe8 36. Qd4 Qe7 37. Bg2 Re5 38. Rf2 f5 39. e4 fxe4 40. Qc4 Kh6 41. Rf7 Qd6 42. Kh1 Rg5 43. Qf1 Qg3 44. Qf2 Qxf2 45. Rxf2 e3 46. Re2 Re5 47. Bf3 g5 48. Kg2 Kg6 49. Bc6 Kf5 50. Kf3 g4+ 51. hxg4+ hxg4+ 52. Kg3 Kg5 53. Bg2 Kf5 54. Bf1 Kg5 55. Re1 Kf5 56. Be2 Ke4 57. Bxg4 Kd3 58. Kf3 Re7 59. Bf5+ Kd2 60. Re2+ Kd1 61. Rxe3 Rf7 62. Kf4 a5 63. bxa5 bxa5 64. Re5 a4 65. Ra5 Kc1 66. Rxa4 Kb2 67. Ra8 Kb3 68. Ke5 Re7+ 69. Be6+ Kc3 70. a4 Kb4 71. a5 Kb5 72. Kd6 Rb7 73. Bd7+ 1-0

[Event "January 2 Early 2024"]
[Site "https://www.chess.com"]
[Date "2024.01.02"]
[Round "1"]
[White "Viana Junior, Carlos Alberto"]
[Black "Fernandez Guillen, Ernesto J."]
[Result "0-1"]
[Board "78"]
[TimeControl "180+1"]
[WhiteFideId "2178117"]
[BlackFideId "3512428"]
[WhiteElo "2462"]
[BlackElo "2881"]
[WhiteTeam "BRA"]
[BlackTeam "CUB"]
[WhiteClock "0:00:13"]
[BlackClock "0:00:04"]

1. e4 e5 2. Nf3 Nc6 3. Bc4 g6 4. d4 exd4 5. c3 dxc3 6. Nxc3 Bg7 7. Bg5 f6 8. Bf4 d6 9. O-O Ne5 10. Bb3 Bg4 11. Re1 Qd7 12. Rc1 c6 13. Re3 Ne7 14. Qd2 Bxf3 15. gxf3 g5 16. Bg3 h5 17. Rd1 O-O-O 18. Bxe5 fxe5 19. Rd3 Rh6 20. Kh1 g4 21. Rg1 Bf8 22. Bd1 Kb8 23. fxg4 hxg4 24. Bxg4 Qc7 25. Qg5 Ng6 26. Ne2 d5 27. Rf3 Nf4 28. Nxf4 exf4 29. Rxf4 Bd6 30. Qxh6 Bxf4 31. Qh4 dxe4 32. Bf5 Be5 33. h3 Bxb2 34. Qxe4 a5 35. a4 Bc3 36. Rg3 Bb4 37. Kg2 Qd6 38. Rd3 Qc7 39. Rxd8+ Qxd8 40. Qe5+ Ka7 41. Qe4 Qg5+ 42. Bg4 Bc5 43. Qc4 Kb6 44. Qb3+ Ka7 45. Qf3 Qh4 46. Qf5 Bb6 47. Qf4 Qe7 48. Qf3 Qb4 49. Qd1 Qf4 50. Qf3 Qxa4 51. h4 Qd4 52. h5 a4 53. h6 Bc5 54. h7 a3 55. Be6 Qg7+ 56. Qg4 Qxh7 57. Qa4+ Kb6 58. Qb3+ Kc7 59. Bg4 Qe4+ 60. f3 Qe2+ 61. Kh3 Bd6 62. Kh4 Qe7+ 63. Kh5 Qh7+ 64. Kg5 Qg7+ 65. Kf5 Qh7+ 66. Kg5 Be7+ 67. Kf4 Qh6+ 68. Ke4 Qg6+ 69. Bf5 Qd6 70. f4 Qd2 71. Be6 Bd6 72. f5 Qe2+ 73. Kd4 Be5+ 74. Kc5 Qf2+ 75. Kb4 Bd6+ 76. Ka4 Qa7# 0-1

[Event "January 2 Early 2024"]
[Site "https://www.chess.com"]
[Date "2024.01.02"]
[Round "1"]
[White "Sonis, Francesco"]
[Black "Fu, Yihe"]
[Result "1-0"]
[Board "79"]
[TimeControl "180+1"]
[WhiteFideId "895733"]
[BlackFideId "8619638"]
[WhiteElo "2876"]
[BlackElo "2461"]
[WhiteTeam "ITA"]
[BlackTeam "AUS"]
[WhiteClock "0:00:11"]
[BlackClock "0:00:00"]

1. c4 e6 2. Nc3 d5 3. e3 Nf6 4. Nf3 c5 5. d4 Nc6 6. dxc5 Bxc5 7. a3 O-O 8. b3 a6 9. Bb2 dxc4 10. Bxc4 Qc7 11. Qc2 b5 12. Bd3 Be7 13. Ne4 h6 14. Nxf6+ Bxf6 15. Bxf6 gxf6 16. O-O Bb7 17. Rfc1 Qb6 18. Qb2 f5 19. b4 Rad8 20. Bf1 Ne7 21. Qf6 Ng6 22. Nh4 Nxh4 23. Qxh4 Kg7 24. Rc5 Rc8 25. Rac1 Rxc5 26. Rxc5 Rc8 27. Qd4+ Kh7 28. Qd7 Rf8 29. Bd3 Qd8 30. Rc7 Qxd7 31. Rxd7 Bc6 32. Rd6 Rc8 33. f3 Kg7 34. Kf2 Kf6 35. Ke1 Ke7 36. Rd4 Kf6 37. Kd2 Rg8 38. Bf1 Bd5 39. Rh4 Kg5 40. Rd4 Kf6 41. Ke1 Rc8 42. Be2 Rc3 43. Rd3 Rc2 44. Kd1 Ra2 45. Rc3 Ra1+ 46. Kd2 Rg1 47. g3 Rg2 48. Ke1 Rxh2 49. Kf1 Rh1+ 50. Kg2 Re1 51. Kf2 Ra1 52. Bd3 Ra2+ 53. Bc2 Bc4 54. Ke1 Kg5 55. Kd2 Ra1 56. Bd1 Ra2+ 57. Bc2 Ra1 58. Bd1 f6 59. f4+ Kg6 60. g4 fxg4 61. Bxg4 e5 62. Bc8 exf4 63. exf4 h5 64. Rg3+ Kh6 65. Rh3 Rf1 66. Ke3 Re1+ 67. Kd4 Rf1 68. Ke4 Re1+ 69. Kf3 Ra1 70. Kf2 Ra2+ 71. Ke1 Kg6 72. Rg3+ Kh6 73. Bf5 h4 74. Rg6+ Kh5 75. Rg7 Re2+ 76. Kd1 Bg8 77. Rxg8 Kh6 78. Kxe2 1-0

[Event "January 2 Early 2024"]
[Site "https://www.chess.com"]
[Date "2024.01.02"]
[Round "1"]
[White "Sliwicki, Damian"]
[Black "Perez Ponsa, Federico"]
[Result "0-1"]
[Board "80"]
[TimeControl "180+1"]
[WhiteFideId "1127128"]
[BlackFideId "117927"]
[WhiteElo "2461"]
[BlackElo "2875"]
[WhiteTeam "POL"]
[BlackTeam "ARG"]
[WhiteClock "0:00:06"]
[BlackClock "0:01:05"]

1. e4 c5 2. Nf3 d6 3. d4 cxd4 4. Qxd4 Nc6 5. Bb5 a6 6. Bxc6+ bxc6 7. c4 e5 8. Qd3 Ne7 9. O-O Ng6 10. Bg5 f6 11. Be3 Be7 12. Rd1 Be6 13. Nc3 O-O 14. b3 f5 15. c5 d5 16. exf5 Bxf5 17. Qf1 Bg4 18. Ne4 Qc8 19. Nd6 Qe6 20. Ng5 Bxg5 21. Bxg5 Bxd1 22. Rxd1 Qg4 23. Bc1 Nh4 24. Rd3 Rf3 25. h3 Qg6 26. Rxf3 Nxf3+ 27. Kh1 Nd4 28. Be3 Nb5 29. Nb7 d4 30. Bd2 Rf8 31. a4 Nc7 32. Nd6 e4 33. Qc4+ Ne6 34. Qxa6 Rxf2 35. Qc8+ Nf8 36. Qxc6 Qxg2# 0-1

[Event "January 2 Early 2024"]
[Site "https://www.chess.com"]
[Date "2024.01.02"]
[Round "1"]
[White "Szpar, Milosz"]
[Black "Vujacic, Igor"]
[Result "1-0"]
[Board "81"]
[TimeControl "180+1"]
[WhiteFideId "1184989"]
[BlackFideId "932620"]
[WhiteElo "2874"]
[BlackElo "2461"]
[WhiteTeam "POL"]
[BlackTeam "MNE"]
[WhiteClock "0:02:02"]
[BlackClock "0:00:14"]

1. e4 c5 2. c3 Nf6 3. e5 Nd5 4. d4 cxd4 5. Nf3 Nc6 6. Bc4 Nb6 7. Bb3 d5 8. exd6 Qxd6 9. O-O e6 10. cxd4 Be7 11. Nc3 O-O 12. Re1 Rd8 13. Be3 Bd7 14. a3 Be8 15. Bc2 Rac8 16. Qd3 g6 17. Rad1 Nd5 18. Ne4 Qc7 19. Bb1 a6 20. Bh6 Qb6 21. Qd2 Na5 22. Ne5 Nc4 23. Nxc4 Rxc4 24. Ba2 Rc7 25. Bg5 Bxg5 26. Qxg5 Kg7 27. Qxd8 1-0

[Event "January 2 Early 2024"]
[Site "https://www.chess.com"]
[Date "2024.01.02"]
[Round "1"]
[White "Garagulya, Konstantin"]
[Black "Kuzubov, Yuriy"]
[Result "0-1"]
[Board "82"]
[TimeControl "180+1"]
[WhiteFideId "4128931"]
[BlackFideId "14112906"]
[WhiteElo "2460"]
[BlackElo "2873"]
[WhiteTeam "RUS"]
[BlackTeam "UKR"]
[WhiteClock "0:00:31"]
[BlackClock "0:00:19"]

1. d4 Nf6 2. Nf3 e6 3. Bg5 h6 4. Bh4 c5 5. Nbd2 cxd4 6. Nxd4 d5 7. e3 Be7 8. c4 O-O 9. Be2 e5 10. N4f3 Nc6 11. cxd5 Nxd5 12. Bxe7 Qxe7 13. O-O Rd8 14. Qa4 Nb6 15. Qc2 Be6 16. Rac1 Rac8 17. Qb1 Bg4 18. a3 Rxd2 19. Nxd2 Bxe2 20. Rfe1 Bg4 21. b4 Rd8 22. Nc4 Nxc4 23. Rxc4 Be6 24. Rc5 Qd6 25. h3 Ne7 26. Rec1 g5 27. Qe4 Bd5 28. Qc2 b6 29. Rc3 Ba8 30. f3 e4 31. fxe4 Qe5 32. Rc4 Kg7 33. Qc3 Ng6 34. Qxe5+ Nxe5 35. Rd4 Re8 36. Rc7 a6 37. Rd6 Bxe4 38. Rxb6 Rd8 39. Rxa6 Rd1+ 40. Kf2 Rd2+ 41. Ke1 Rxg2 42. Re7 Nf3+ 43. Kf1 Ra2 44. Rd6 Bf5 0-1

[Event "January 2 Early 2024"]
[Site "https://www.chess.com"]
[Date "2024.01.02"]
[Round "1"]
[White "Yeletsky, Ivan"]
[Black "Nemec, Jachym"]
[Result "1-0"]
[Board "83"]
[TimeControl "180+1"]
[WhiteFideId "24180327"]
[BlackFideId "23716525"]
[WhiteElo "2868"]
[BlackElo "2459"]
[WhiteTeam "RUS"]
[BlackTeam "CZE"]
[WhiteClock "0:00:06"]
[BlackClock "0:00:18"]

1. e4 c5 2. Nf3 d6 3. c3 Nf6 4. Be2 Bd7 5. d3 Bc6 6. O-O Nbd7 7. Re1 e6 8. Bf1 Be7 9. Nbd2 O-O 10. d4 cxd4 11. cxd4 d5 12. e5 Ne4 13. Bd3 Bb4 14. a3 Bxd2 15. Nxd2 f5 16. Nf1 h6 17. f3 Ng5 18. Kh1 Rc8 19. a4 Nh7 20. b3 a6 21. Ng3 Rf7 22. Ne2 Ndf8 23. Nf4 Be8 24. Qd2 g5 25. Ne2 f4 26. Ba3 Rfc7 27. Bd6 Rc6 28. b4 Bg6 29. b5 Rxd6 30. exd6 Qxd6 31. bxa6 bxa6 32. Rac1 Rb8 33. Bxg6 Nxg6 34. Qc2 Nhf8 35. Qc7 Qxc7 36. Rxc7 Rb4 37. a5 Ra4 38. g3 fxg3 39. hxg3 Rxa5 40. Kg1 Ra3 41. Kf2 h5 42. Rb1 h4 43. Rbb7 h3 44. Rb1 Nh7 45. g4 Ra2 46. Ke3 h2 47. Rh1 Nhf8 48. Rxh2 Nf4 49. Rf2 Ra3+ 50. Rc3 Ra4 51. Nxf4 gxf4+ 52. Kxf4 Rxd4+ 53. Ke5 Rb4 54. Rc8 Kf7 55. Ra2 Ng6+ 56. Kd6 Rb6+ 57. Kc5 Rb5+ 58. Kd4 e5+ 59. Ke3 Nf4 60. Rxa6 Rb3+ 61. Kf2 Rb2+ 62. Ke1 Nd3+ 63. Kf1 Rb1+ 64. Kg2 Nf4+ 65. Kh2 Rb2+ 66. Kg3 Rg2+ 67. Kh4 Rh2+ 68. Kg5 Ne6+ 69. Kf5 Nd4+ 70. Kxe5 Nxf3+ 71. Kf4 Nd4 72. Rc7+ Ke8 73. Ra8# 1-0

[Event "January 2 Early 2024"]
[Site "https://www.chess.com"]
[Date "2024.01.02"]
[Round "1"]
[White "Valle Luis, Leo"]
[Black "Rohith Krishna S"]
[Result "0-1"]
[Board "84"]
[TimeControl "180+1"]
[WhiteFideId "54577187"]
[BlackFideId "46617051"]
[WhiteElo "2458"]
[BlackElo "2866"]
[WhiteTeam "ESP"]
[BlackTeam "IND"]
[WhiteClock "0:00:10"]
[BlackClock "0:01:22"]

1. e4 c5 2. Nf3 d6 3. d4 cxd4 4. Nxd4 Nf6 5. Nc3 Nc6 6. Bg5 e6 7. Qd3 a6 8. f4 Be7 9. O-O-O Bd7 10. Nf3 Qc7 11. Kb1 b5 12. e5 dxe5 13. fxe5 Ng4 14. Bxe7 Kxe7 15. Qd6+ Kd8 16. Ne4 Ngxe5 17. Nxe5 Nxe5 18. Qd4 f6 19. Nc5 Ke7 20. Nxd7 Nxd7 21. Bd3 e5 22. Qg4 g6 23. Rhe1 Nc5 24. Qb4 Rab8 25. a3 a5 26. Qg4 b4 27. axb4 Rxb4 28. Qf3 Rhb8 29. b3 Nxb3 30. cxb3 Rxb3+ 31. Ka1 Ra3# 0-1

[Event "January 2 Early 2024"]
[Site "https://www.chess.com"]
[Date "2024.01.02"]
[Round "1"]
[White "Mekhitarian, Krikor Sevag"]
[Black "Sanchez Alvares, Kelvin Antonio"]
[Result "1/2-1/2"]
[Board "85"]
[TimeControl "180+1"]
[WhiteFideId "2107660"]
[BlackFideId "3906680"]
[WhiteElo "2865"]
[BlackElo "2458"]
[WhiteTeam "BRA"]
[BlackTeam "VEN"]
[WhiteClock "0:00:05"]
[BlackClock "0:00:15"]

1. Nf3 Nf6 2. c4 b6 3. Nc3 Bb7 4. d4 e6 5. e3 Be7 6. Bd3 c5 7. O-O O-O 8. d5 exd5 9. cxd5 d6 10. e4 a6 11. a4 Nbd7 12. h3 Nh5 13. Be3 Re8 14. Nd2 g6 15. Be2 Ng7 16. Bf4 Bf8 17. Nc4 Nf6 18. f3 Nfh5 19. Bh2 f5 20. g4 fxg4 21. hxg4 Nf6 22. Qb3 h5 23. g5 Nd7 24. f4 Rb8 25. Bf3 Ba8 26. Kh1 b5 27. axb5 axb5 28. Nxb5 Nb6 29. Rxa8 Nxa8 30. Nca3 Nc7 31. Qc4 Nxb5 32. Nxb5 Qb6 33. Be2 Qxb5 34. Qxb5 Rxb5 35. Bxb5 Rxe4 36. Bd3 Rd4 37. Bxg6 h4 38. f5 Rxd5 39. b3 Rd2 40. f6 Ne6 41. Bf5 Nd4 42. Bg4 h3 43. g6 Rg2 44. Bh5 Rg5 45. Bd1 Rxg6 46. Rf4 Kf7 47. Rh4 Kxf6 48. Rxh3 Bg7 49. Bxd6 Ne6 50. Bh2 Rg5 51. Rf3+ Rf5 52. Rxf5+ Kxf5 53. Kg2 Nd4 54. Kf2 Ke4 55. Bh5 Be5 56. Bxe5 Kxe5 57. Bf7 Nc2 58. Ke2 Kd4 59. Kd2 Nb4 60. Bc4 Nc6 61. Bf1 Na5 62. Kc2 Nc6 63. Be2 Nb4+ 64. Kd2 Nd5 65. Bc4 Nb6 66. Be6 Na8 67. Bg8 Nc7 68. Bc4 Ne8 69. Kc2 Nd6 70. Bd3 Nb7 71. Bf1 Na5 72. Be2 Nxb3 73. Kxb3 Ke3 74. Bc4 Kd2 75. Bf7 Ke3 76. Bc4 Kf4 77. Bg8 Ke5 78. Kc4 Kf6 79. Bd5 Kg7 80. Kxc5 1/2-1/2

[Event "January 2 Early 2024"]
[Site "https://www.chess.com"]
[Date "2024.01.02"]
[Round "1"]
[White "Reprintsev, Alexander"]
[Black "Maksimovic, Bojan"]
[Result "0-1"]
[Board "86"]
[TimeControl "180+1"]
[WhiteFideId "14100541"]
[BlackFideId "14408120"]
[WhiteElo "2458"]
[BlackElo "2865"]
[WhiteTeam "UKR"]
[BlackTeam "BIH"]
[WhiteClock "0:01:38"]
[BlackClock "0:00:36"]

1. e4 a6 2. f4 e6 3. Nf3 d5 4. e5 c5 5. c3 d4 6. Bd3 Nc6 7. Be4 Nge7 8. Qe2 Nd5 9. d3 Bd7 10. O-O Be7 11. a3 O-O 12. c4 Nc7 13. h3 f5 14. exf6 Bxf6 15. Bd2 b5 16. b4 bxc4 17. bxc5 c3 18. Bc1 Rb8 19. a4 Qe7 20. Ba3 Nd5 21. Bxd5 exd5 22. Qxe7 Bxe7 23. Nxd4 Nxd4 24. Nxc3 Bc6 25. Rae1 Bf6 26. Ne2 Rb3 27. Bc1 Rxd3 28. Kh2 Nxe2 29. Rxe2 Bxa4 30. Re6 Bb5 31. Rfe1 Rc3 32. Be3 d4 33. Rxf6 gxf6 34. Bxd4 Rc4 0-1

[Event "January 2 Early 2024"]
[Site "https://www.chess.com"]
[Date "2024.01.02"]
[Round "1"]
[White "Remizov, Yaroslav"]
[Black "Srebrnic, Marko"]
[Result "0-1"]
[Board "87"]
[TimeControl "180+1"]
[WhiteFideId "34134015"]
[BlackFideId "14603616"]
[WhiteElo "2862"]
[BlackElo "2457"]
[WhiteTeam "RUS"]
[BlackTeam "SLO"]
[WhiteClock "0:00:50"]
[BlackClock "0:00:44"]

1. d4 Nf6 2. g3 d6 3. Nf3 g6 4. b3 Bg7 5. Bb2 O-O 6. Bg2 e5 7. dxe5 Ng4 8. O-O Nxe5 9. Nxe5 dxe5 10. c4 c6 11. Nc3 Bf5 12. Ne4 Bxe4 13. Bxe4 Na6 14. Qc2 Qe7 15. Rad1 Rfd8 16. a3 Nc5 17. Bg2 a5 18. Bc3 a4 19. b4 Nb3 20. e3 Qe6 21. Qe2 e4 22. Bxg7 Kxg7 23. Qc2 f5 24. Rfe1 Qe5 25. Bf1 b6 26. h4 c5 0-1

[Event "January 2 Early 2024"]
[Site "https://www.chess.com"]
[Date "2024.01.02"]
[Round "1"]
[White "Gruzman, Ilya"]
[Black "Kravtsiv, Martyn"]
[Result "0-1"]
[Board "88"]
[TimeControl "180+1"]
[WhiteFideId "2812703"]
[BlackFideId "14113147"]
[WhiteElo "2455"]
[BlackElo "2859"]
[WhiteTeam "ISR"]
[BlackTeam "UKR"]
[WhiteClock "0:01:23"]
[BlackClock "0:01:46"]

1. d4 d5 2. c4 e6 3. Nf3 Nf6 4. Nc3 Nbd7 5. Bg5 Bb4 6. cxd5 exd5 7. e3 c5 8. Bd3 Qa5 9. Qd2 Ne4 10. Bxe4 dxe4 11. Ne5 Nxe5 12. dxe5 h6 13. Bf4 Be6 14. O-O Rd8 15. Qc2 Bxc3 16. bxc3 Rd3 17. Rfc1 O-O 18. f3 Rfd8 19. fxe4 Rd2 20. Qb1 Qa6 21. Re1 Bxa2 22. Qc1 Qg6 23. Bg3 Qxe4 24. Bf2 Bd5 0-1

[Event "January 2 Early 2024"]
[Site "https://www.chess.com"]
[Date "2024.01.02"]
[Round "1"]
[White "Beerdsen, Thomas"]
[Black "Luong Phuong Hanh"]
[Result "1-0"]
[Board "89"]
[TimeControl "180+1"]
[WhiteFideId "1030108"]
[BlackFideId "12401013"]
[WhiteElo "2854"]
[BlackElo "2453"]
[WhiteTeam "NED"]
[BlackTeam "VIE"]
[WhiteClock "0:02:44"]
[BlackClock "0:02:07"]

1. e4 c5 2. Nf3 e6 3. d4 cxd4 4. Bg5 Be7 5. Bxe7 Nxe7 6. Qxd4 O-O 7. Qd6 Nbc6 8. Nc3 Qb6 9. O-O-O Ng6 10. h4 Nb4 11. h5 Qxd6 12. Rxd6 Ne7 13. h6 g6 14. Bb5 a6 15. Bxd7 Nec6 16. a3 Bxd7 17. Rxd7 Nb8 18. Rxb7 N4c6 19. Rd1 Na5 20. Rc7 Nac6 21. Rd6 Na7 22. Ne5 Nb5 23. Nxb5 axb5 24. Rb7 Na6 25. Rxb5 Nc7 26. Rb7 Ne8 27. Rdd7 Nf6 28. Rxf7 Rxf7 29. Rxf7 Nxe4 30. Rg7+ 1-0